 Dungeon Crawl Stone Soup version 0.27-a0-448-gace5c5693b (webtiles) character file.

Game seed: 16199227097054525572

411319 wakim the Eclecticist (level 22, -12/127 HPs)
             Began as a Deep Elf Conjurer on Feb 26, 2021.
             Was a Priest of Sif Muna.
             Killed from afar by a crystal guardian (41 damage)
             ... with a crystal bolt
             ... in the Desolation of Salt on Feb 27, 2021.
             The game lasted 05:02:30 (71608 turns).

wakim the Eclecticist (Deep Elf Conjurer)          Turns: 71608, Time: 05:02:31

Health: -12/127    AC: 15    Str:  9    XL:     22   Next: 47%
Magic:  30/47      EV: 24    Int: 29    God:    Sif Muna [***...]
Gold:   5604       SH: 19    Dex: 16    Spells: 9/60 levels left

rFire    . . .     SeeInvis .   n - staff of conjuration
rCold    . . .     Faith    .   W - +1 kite shield {reflect}
rNeg     . . .     Spirit   .   V - +2 steam dragon scales
rPois    .         Reflect  +   P - +2 hat of Melancholy {+Inv rElec Str-4}
rElec    +         Harm     .   w - +0 cloak
rCorr    .         Rampage  .   S - +2 pair of gloves {Dex+3}
Will     ++++.                  X - +0 pair of boots {Stlth+}
Stlth    ++++......             J - amulet of Lumo {Reflect Str+4 SH+5}
HPRegen  0.31/turn              f - ring of willpower
MPRegen  0.30/turn              z - ring of willpower

@: no status effects
A: no striking features
}: 2/15 runes: decaying, gossamer
a: Renounce Religion, Evoke Invisibility, Channel Magic, Forget Spell


You were in the Desolation of Salt.
You worshipped Sif Muna.
Sif Muna was most pleased with you.
You visited 9 branches of the dungeon, and saw 38 of its levels.
You also visited: Gauntlet, Ice Cave and Desolation.

You collected 6575 gold pieces.
You spent 971 gold pieces at shops.

Inventory:

Armour
 w - a +0 cloak (worn)
 y - the +2 robe "Zufej" {+Blink rC- rN++ Stlth+}
   (You found it in the Desolation of Salt)

   It makes you vulnerable to cold.
   It greatly protects you from negative energy.
   It lets you blink.
   It makes you more stealthy.
 K - the +11 plate armour "Nituasio" {rC++ rCorr Int-2 Stlth+}
   (You found it in the Desolation of Salt)

   It affects your intelligence (-2).
   It greatly protects you from cold.
   It provides partial protection from all sources of acid and corrosion.
   It makes you more stealthy.
 P - the +2 hat of Melancholy (worn) {+Inv rElec Str-4}
   (You bought it in a shop on level 2 of the Orcish Mines)

   It affects your strength (-4).
   It insulates you from electricity.
   It lets you turn invisible.
 S - a +2 pair of gloves of dexterity (worn)
 V - +2 steam dragon scales (worn)
 W - a +1 kite shield of reflection (worn)
 X - a +0 pair of boots of stealth (worn)
Magical Staves
 n - a staff of conjuration (weapon)
Jewellery
 f - a ring of willpower (left hand)
 h - a ring of protection from fire
 i - a ring of protection from fire
 p - a ring of protection from cold
 r - a ring of positive energy
 s - the ring of the Good {Fire rElec rN+++ Int-5 Dex+2}
   (You found it in the Desolation of Salt)

   [ring of fire]

   It enhances your fire magic.
   It affects your intelligence (-5).
   It affects your dexterity (+2).
   It protects you from fire.
   It makes you vulnerable to cold.
   It insulates you from electricity.
   It renders you almost immune to negative energy.
 x - the ring of Pih Luv {MP+9 Dex+6}
   (You found it in the Desolation of Salt)

   [ring of magical power]

   It affects your dexterity (+6).
   It affects your magic capacity (+9).
 z - a ring of willpower (right hand)
 B - an amulet of faith
 C - a ring of see invisible
 D - a ring of positive energy
 J - the amulet of Lumo (around neck) {Reflect Str+4 SH+5}
   (You found it in the Desolation of Salt)

   [amulet of reflection]

   It shields you and reflects attacks.
   It affects your strength (+4).
   It affects your SH (+5).
 M - an amulet of magic regeneration
 O - the ring "Nek Wous" {rPois rF- rC+ MP+9 Dex+7}
   (You found it in a Gauntlet)

   [ring of magical power]

   It affects your dexterity (+7).
   It makes you vulnerable to fire.
   It protects you from cold.
   It protects you from poison.
   It affects your magic capacity (+9).
 R - the ring of Wosm {rCorr Dex+2}
   (You found it in an ice cave)

   [ring of resist corrosion]

   It affects your dexterity (+2).
   It provides partial protection from all sources of acid and corrosion.
Wands
 c - a wand of paralysis (41)
 v - a wand of digging (4)
 F - a wand of polymorph (28)
 Y - a wand of charming (7)
 Z - a wand of mindburst (59)
Scrolls
 a - 15 scrolls of identify
 d - 6 scrolls of enchant weapon
 g - 16 scrolls of teleportation
 o - 9 scrolls of immolation
 q - 4 scrolls of magic mapping
 u - 3 scrolls of blinking
 G - 6 scrolls of amnesia
 I - 4 scrolls of fog
 L - 6 scrolls of enchant armour
 N - 7 scrolls of fear
 T - a scroll of holy word
Potions
 b - 7 potions of resistance
 e - 3 potions of flight
 j - 8 potions of brilliance
 k - 6 potions of might
 l - 3 potions of haste
 m - 9 potions of heal wounds
 t - 3 potions of cancellation
 A - a potion of berserk rage
 E - 11 potions of ambrosia
 H - 2 potions of magic
 U - 10 potions of curing


   Skills:
 - Level 10.0 Fighting
 + Level 1.4 Staves
 - Level 5.0 Armour
 - Level 16.0 Dodging
 - Level 6.0 Stealth
 - Level 15.0 Shields
 * Level 19.5 Spellcasting
 * Level 17.2 Conjurations
 - Level 10.0 Hexes
 + Level 12.6 Translocations
 - Level 3.7 Transmutations
 * Level 14.7 Fire Magic
 - Level 8.4 Poison Magic
 - Level 12.0 Invocations
 + Level 6.7 Evocations


You had 9 spell levels left.
You knew the following spells:

 Your Spells              Type           Power        Failure   Level
a - Magic Dart            Conj           100%         0%          1
b - Orb of Destruction    Conj           56%          1%          7
c - Fulminant Prism       Conj/Hex       51%          1%          4
d - Iskenderun's Mystic   Conj/Tloc      100%         1%          4
e - Fireball              Conj/Fire      55%          1%          5
f - Olgreb's Toxic Radia  Pois           67%          1%          4
g - Ignite Poison         Fire/Tmut/Pois 69%          1%          3
h - Dispersal             Tloc           39%          1%          6
i - Iskenderun's Battles  Conj           100%         1%          5
j - Invisibility          Hex            72%          3%          6
k - Starburst             Conj/Fire      55%          1%          6

Your spell library contained the following spells:

 Spells                   Type           Power        Failure   Level
 Apportation              Tloc           100%         0%          1
 Foxfire                  Conj/Fire      100%         0%          1
 Blink                    Tloc           N/A          0%          2
 Searing Ray              Conj           100%         0%          2
 Conjure Flame            Conj/Fire      100%         0%          3
 Dazzling Flash           Conj/Hex       100%         0%          3
 Animate Skeleton         Necr           56%          1%          1
 Corona                   Hex            80%          1%          1
 Freeze                   Ice            100%         1%          1
 Pain                     Necr           100%         1%          1
 Sandblast                Erth           56%          1%          1
 Shock                    Conj/Air       100%         1%          1
 Sting                    Tmut/Pois      100%         1%          1
 Summon Small Mammal      Summ           100%         1%          1
 Ensorcelled Hibernation  Hex/Ice        100%         1%          2
 Passwall                 Tmut/Erth      32%          1%          2
 Poisonous Vapours        Pois/Air       100%         1%          2
 Slow                     Hex            72%          1%          2
 Confusing Touch          Hex            72%          1%          3
 Gell's Gravitas          Tloc           39%          1%          3
 Inner Flame              Hex/Fire       79%          1%          3
 Lesser Beckoning         Tloc           39%          1%          3
 Mephitic Cloud           Conj/Pois/Air  86%          1%          3
 Portal Projectile        Hex/Tloc       100%         1%          3
 Static Discharge         Conj/Air       87%          1%          3
 Stone Arrow              Conj/Erth      100%         1%          3
 Summon Guardian Golem    Hex/Summ       55%          1%          3
 Teleport Other           Tloc           79%          1%          3
 Tukima's Dance           Hex            72%          1%          3
 Cause Fear               Hex            36%          1%          4
 Hailstorm                Conj/Ice       87%          1%          4
 Leda's Liquefaction      Hex/Erth       27%          1%          4
 Manifold Assault         Tloc           79%          1%          4
 Passage of Golubria      Tloc           N/A          1%          4
 Sticky Flame             Conj/Fire      100%         1%          4
 Irradiate                Conj/Tmut      46%          1%          5
 Lightning Bolt           Conj/Air       43%          1%          5
 Call Imp                 Summ           28%          2%          2
 Swiftness                Air            28%          2%          2
 Yara's Violent Unravell  Hex/Tmut       30%          2%          5
 Alistair's Intoxication  Tmut/Pois      39%          3%          5
 Summon Forest            Summ/Tloc      30%          3%          5
 Frozen Ramparts          Ice            56%          4%          3
 Ozocubu's Armour         Ice            28%          4%          3
 Vampiric Draining        Necr           14%          4%          3
 Metabolic Englaciation   Hex/Ice        27%          4%          5
 Silence                  Hex/Air        27%          4%          5
 Conjure Ball Lightning   Conj/Air       43%          6%          6
 Iron Shot                Conj/Erth      43%          6%          6
 Petrify                  Tmut/Erth      39%          7%          4
 Airstrike                Air            14%          14%         4
 Animate Armour           Summ/Erth      56%          14%         4
 Animate Dead             Necr           14%          14%         4
 Summon Ice Beast         Ice/Summ       28%          14%         4
 Summon Lightning Spire   Summ/Air       28%          14%         4
 Freezing Cloud           Conj/Ice/Air   37%          21%         6
 Ignition                 Fire           42%          22%         8
 Spellforged Servitor     Conj/Summ      43%          34%         7
 Agony                    Necr           28%          36%         5
 Borgnjor's Vile Clutch   Necr/Erth      14%          36%         5
 Excruciating Wounds      Necr           14%          36%         5
 Lee's Rapid Deconstruct  Erth           14%          36%         5
 Disjunction              Tloc           39%          45%         8
 Malign Gateway           Summ/Tloc      30%          65%         7
 Discord                  Hex            36%          83%         8
 Fire Storm               Conj/Fire      55%          90%         9
 Death Channel            Necr           14%          91%         6
 Shadow Creatures         Summ           N/A          91%         6
 Simulacrum               Ice/Necr       14%          91%         6
 Dragon Form              Tmut           24%          95%         7
 Chain Lightning          Conj/Air       43%          95%         8
 Lehudib's Crystal Spear  Conj/Erth      43%          95%         8
 Haunt                    Necr/Summ      14%          100%        7
 Monstrous Menagerie      Summ           14%          100%        7
 Infestation              Necr           14%          100%        8
 Summon Horrible Things   Summ           14%          100%        8
 Dragon's Call            Summ           14%          100%        9
 Shatter                  Erth           14%          100%        9
 Tornado                  Air            14%          100%        9


Dungeon Overview and Level Annotations

Branches:
Dungeon (15/15)            Temple (1/1) D:5            Lair (6/6) D:10
  Swamp (4/4) Lair:3       Spider (4/4) Lair:2        Slime (0/5) Lair:6
    Orc (2/2) D:11            Elf (1/3) Orc:2        Vaults (4/5) D:14
  Crypt (0/3) Vaults:3     Depths (1/5) D:15          IceCv (visited)
Desolation (1/1)          Gauntlet (visited)

Altars:
Ashenzari
Dithmenos
Elyvilon
Gozag
Hepliaklqana
Kikubaaqudgha
Makhleb
Nemelex Xobeh
Okawaru
Qazlal
Sif Muna
Trog
Wu Jian
Zin
The Shining One
Lugonu

Shops:
D:5 ?   D:6 (   D:7 :   Orc:1 !   Orc:2 *[(!   Elf:1 [*   Vaults:3 *
Vaults:4 !

Portals:
Hell: Depths:1
Abyss: Spider:2 Depths:1

Annotations:
Spider:3 Mara
Vaults:3 3 runed translucent doors, exclusion: obsidian statue, Utwej's ghost, adept GnVM


Message History

The golems go into a battle-frenzy!
You block the saltling's attack.
The crystal guardian fires a crystalline bolt at you.
The crystal bolt misses you. The crystal bolt burns you!
The crystal bolt burns the crystal guardian.
The crystal guardian completely resists.
Casting: Orb of Destruction (dangerous; 1% risk of failure)
Confirm with . or Enter, or press ? or * to list all spells.
You feel a surge of power!
You erupt in a blast of force!
The mystic blast hits the peacekeeper!
The peacekeeper is moderately damaged.
The peacekeeper is knocked back by the mystic blast.
The peacekeeper slams into the stone wall!
The mystic blast hits the saltling!
The saltling is moderately damaged.
The saltling is knocked back by the mystic blast.
The saltling slams into the endless expanse of salt!
The mystic blast hits the ironbrand convoker!!
The ironbrand convoker is heavily wounded.
The ironbrand convoker is knocked back by the mystic blast.
The ironbrand convoker collides with the crystal guardian!
The mystic blast hits the crystal guardian but does no damage.
The mystic blast hits the saltling!
You destroy the saltling!
Sif Muna accepts your kill.
Your orb of destruction hits a stone wall.
The crystal guardian hits you!
Press: ? - help, v - describe, . - travel
Here: a crystal guardian (strong)
The floor.
The crystal guardian fires a crystalline bolt at you.
The crystal bolt burns you!! The crystal bolt burns you!!!
* * * LOW HITPOINT WARNING * * *
The crystal bolt burns the crystal guardian.
The crystal guardian completely resists.
The crystal guardian fires a crystalline bolt at you.
The crystal bolt burns the peacekeeper!!
The peacekeeper resists.
The crystal bolt misses you. The crystal bolt burns you!!!
You die...

##....#.###.....#........
##... ...#.#.. ..........
##...#°...[[## #........
....#°.).:}# .........
##......#:...# .........
###...#8..#.)#...#........
####...#..8.## .§#........
#####.....8p..#...#.........
#####....##@###..###........
#####...#.##...##.§.........
######...............§§.§§§§§
######..............§.§§§§§§.
######........§......§.).§§.§
######.§§§§...§§§........§§§.
######§§§§§§.§§.##......)§§§.
######§§§§§§.§§........).§...
######§§§.§§§.§§.............


You could see 2 crystal guardians, an ironbrand convoker and a peacekeeper.

Vanquished Creatures
  A juggernaut (Depths:1)
  Jorgrun (D:12)
  2 liches (Depths:1)
  A tentacled monstrosity (Swamp:3)
  A sphinx (Vaults:3)
  3 tengu reavers
  A thorn hunter (Swamp:4)
  3 fire giants
  2 fenstrider witches
  A deep elf sorcerer (Vaults:2)
  A frost giant (Depths:1)
  4 imperial myrmidons (Desolation)
  Louise (Depths:1)
  2 ghost moths (Spider:4)
  A deep elf elementalist (Depths:1)
  10 vault wardens
  Aizul (Spider:3)
  6 emperor scorpions
  12 very ugly things
  A ghoul (Vaults:4)
  14 ironheart preservers
  7 stone giants
  Nessos (D:14)
  6 bunyips
  Azrael (D:15)
  A deep elf demonologist (Vaults:1)
  10 entropy weavers
  2 deep elf annihilators (Vaults:2)
  A minotaur (Gauntlet)
  A dire elephant (Lair:6)
  4 spark wasps (Depths:1)
  A halazid warlock (Desolation)
  7 ettins
  Snorg (D:11)
  A deep elf death mage (Vaults:4)
  2 crystal guardians
  3 eleionomae
  Josephine (D:14)
  A death ooze (Gauntlet)
  3 jiangshi (Depths:1)
  2 shambling mangroves (Swamp:4)
  5 ragged hierophants (Desolation)
  11 yaktaur captains
  4 fire dragons
  Harold (D:7)
  7 great orbs of eyes
  23 hydras
  9 servants of whispers (Desolation)
  6 peacekeepers (Desolation)
  12 ice dragons
  16 vault guards
  4 rakshasas
  2 spriggan air magi
  4 alligators
  A catoblepas (Lair:5)
  15 ogre magi
  13 boulder beetles
  2 ghost crabs (Swamp:2)
  An anaconda (Lair:5)
  5 death knights
  8 centaur warriors
  6 death yaks
  42 two-headed ogres
  4 tengu warriors
  2 dancing weapons (Elf:1)
  4 deep troll shamans
  7 death scarabs (Spider:4)
  Urug (D:13)
  A vampire mage (Depths:1)
  A queen ant (Spider:4)
  A spriggan berserker (Swamp:4)
  9 deep elf knights
  Sonja (D:12)
  An iron troll (Depths:1)
  A sixfirhy (Gauntlet)
  3 shadow wraiths
  4 skeletal warriors (Vaults:2)
  16 slime creatures
  2 glowing orange brains
  22 deep trolls
  4 unseen horrors
  2 spriggan druids (Swamp:4)
  2 flayed ghosts
  6 goliath frogs
  3 wizards
  2 phantasmal warriors
  5 bog bodies
  20 swamp dragons
  5 spectral wolf spiders (Spider:4)
  14 deep elf pyromancers
  11 deep elf zephyrmancers
  5 lindwurms
  Pikel (D:7)
  A necromancer (Vaults:2)
  9 deep elf archers
  5 wolf spider zombies
  13 orc knights
  23 wolf spiders
  8 orb spiders
  21 ironbrand convokers
  A manticore (shapeshifter) (Vaults:3)
  8 oklob plants (Lair:6)
  42 ugly things
  6 cyclopes
  A frost giant zombie (Vaults:2)
  An orc sorcerer (Vaults:1)
  2 will-o-the-wisps
  A shadow dragon skeleton (Vaults:2)
  A manticore (D:14)
  3 moths of wrath
  2 salamanders (shapeshifter)
  A stone giant skeleton (Vaults:2)
  9 elephants (Lair:4)
  11 vault sentinels
  2 ice statues (IceCv)
  3 centaur zombies
  A fire giant skeleton (Vaults:2)
  3 black mambas
  The ghost of Inkie the Covert, a novice KoEn of Wu Jian (D:5)
  3 guardian serpents (Desolation)
  7 torpor snails
  A molten gargoyle (Desolation)
  2 gargoyles
  14 cane toads
  5 freezing wraiths
  9 rime drakes
  6 komodo dragons
  3 spectral redbacks (Spider:4)
  3 kobold demonologists (D:15)
  3 tengu conjurers
  A redback zombie (Spider:4)
  11 demonic crawlers
  33 yaktaurs
  A queen bee (D:15)
  29 jumping spiders
  A meliai (shapeshifter) (Vaults:2)
  2 bloated husks
  16 polar bears
  9 meliai
  30 hornets
  A queen bee (shapeshifter) (Vaults:1)
  A jumping spider (shapeshifter) (Vaults:3)
  Prince Ribbit (D:7)
  2 spectral jumping spiders (Spider:4)
  3 spectral tarantellas (Spider:4)
  13 trolls
  13 tyrant leeches
  9 blink frogs (Lair:5)
  3 jumping spider zombies (Spider:4)
  47 saltlings (Desolation)
  2 raiju (Lair:6)
  2 tarantella zombies (Spider:4)
  A fire giant simulacrum (Vaults:2)
  6 dream sheep (Lair:6)
  10 spriggans
  14 wyverns
  3 vampires
  24 tarantellas
  53 redbacks
  An air elemental (Elf:1)
  6 wraiths
  3 water elementals
  5 fire elementals
  A basilisk (shapeshifter) (D:11)
  47 yaks
  A hog (shapeshifter) (Vaults:2)
  6 basilisks
  14 vampire mosquitoes
  A harpy simulacrum (D:15)
  Menkaure (D:7)
  12 swamp worms
  9 wargs
  17 water moccasins
  An acid dragon (Vaults:2)
  17 hell hounds
  10 soldier ants
  A spectral hornet (Spider:4)
  2 sky beasts
  A hornet zombie (D:13)
  19 ice beasts
  13 swamp drakes
  12 black bears
  26 orc warriors
  58 ogres
  39 wolves
  20 centaurs
  2 lemures (D:7)
  2 kobold brigands
  2 phantoms
  A gnoll sergeant (D:10)
  29 bullfrogs
  A human simulacrum (Vaults:2)
  A wyvern zombie (D:14)
  3 scorpions
  A scorpion (shapeshifter) (Vaults:4)
  14 killer bees (D:15)
  4 wights (D:13)
  10 electric eels
  3 howler monkeys (D:11)
  A bullfrog zombie (D:13)
  A quasit (D:9)
  5 centaur skeletons
  2 jellies
  11 hounds
  3 bullfrog skeletons
  12 orc priests
  A gnoll shaman (D:2)
  3 iguanas
  Jessica (D:3)
  11 hell rats
  30 worker ants
  17 orc wizards
  3 hound skeletons
  Robin (D:3)
  12 gnolls
  24 adders
  2 shadow imps
  A white imp (D:5)
  6 ufetubi
  An adder skeleton (D:4)
  4 adder zombies
  2 worms
  4 dart slugs
  3 leopard geckos
  68 orcs
  2 ball pythons
  5 bats
  4 giant cockroaches
  18 goblins
  13 hobgoblins
  12 jackals
  3 quokkas
  8 frilled lizards
  18 kobolds
  11 rats
  A fulminant prism (Spider:4)
  2 lurking horrors (Spider:2)
  4 pillars of salt (Elf:1)
1804 creatures vanquished.

Vanquished Creatures (others)
  A fenstrider witch (Swamp:4)
  A rakshasa (Vaults:2)
  An ogre mage (Vaults:4)
  A deep elf zephyrmancer (Vaults:2)
  A yaktaur (Vaults:3)
  A bloated husk (Swamp:4)
  An ogre (Depths:1)
  2 orcs (D:15)
  A demonic plant (Gauntlet)
  5 foxfires
  91 fulminant prisms
  39 fungi
  3 pillars of salt (Elf:1)
  173 plants
  A withered plant (D:5)
322 creatures vanquished.

Grand Total: 2126 creatures vanquished

Notes
Turn   | Place    | Note
-------+----------+-------------------------------------------
     0 | D:1      | wakim the Deep Elf Conjurer began the quest for the Orb.
     0 | D:1      | Reached XP level 1. HP: 10/10 MP: 6/6
   317 | D:1      | Reached XP level 2. HP: 15/15 MP: 4/8
   320 | D:1      | Learned a level 2 spell: Searing Ray
   474 | D:1      | Reached skill level 5 in Conjurations
   641 | D:1      | Reached XP level 3. HP: 15/19 MP: 6/10
  1088 | D:2      | Reached skill level 4 in Spellcasting
  1169 | D:2      | Reached XP level 4. HP: 24/24 MP: 4/12
  1904 | D:3      | Found a glowing golden altar of the Shining One.
  1914 | D:3      | Noticed Jessica
  1917 | D:3      | Killed Jessica
  1918 | D:3      | Reached XP level 5. HP: 28/28 MP: 11/14
  2243 | D:3      | Learned a level 4 spell: Fulminant Prism
  2248 | D:3      | Learned a level 4 spell: Iskenderun's Mystic Blast
  2249 | D:3      | Noticed Robin
  2255 | D:3      | Reached skill level 5 in Spellcasting
  2263 | D:3      | Killed Robin
  2488 | D:3      | Found an iron altar of Okawaru.
  3282 | D:4      | Noticed a phantom
  3300 | D:4      | Found a shadowy altar of Dithmenos.
  3325 | D:4      | Reached XP level 6. HP: 32/32 MP: 11/15
  4133 | D:5      | Entered Level 5 of the Dungeon
  4135 | D:5      | Found a runed translucent door.
  4137 | D:5      | Noticed Inkie's ghost (novice KoEn)
  4145 | D:5      | Noticed a sky beast
  4148 | D:5      | Killed a sky beast
  4203 | D:5      | Found an ancient bone altar of Kikubaaqudgha.
  4347 | D:5      | Found a staircase to the Ecumenical Temple.
  4352 | D:5      | Reached skill level 1 in Hexes
  4352 | D:5      | Reached XP level 7. HP: 37/37 MP: 12/16
  4541 | Temple   | Entered the Ecumenical Temple
  4558 | Temple   | Became a worshipper of Sif Muna the Loreminder
  4751 | D:5      | Reached skill level 1 in Fighting
  4813 | D:5      | Reached skill level 1 in Translocations
  4925 | D:5      | Found Veaqetio's Magic Scroll Boutique.
  5499 | D:6      | Reached skill level 5 in Stealth
  5499 | D:6      | Reached XP level 8. HP: 39/45 MP: 10/17
  5616 | D:6      | Reached * piety under Sif Muna
  5752 | D:6      | Found Pukoojy's Weapon Emporium.
  5757 | D:6      | Reached skill level 5 in Dodging
  6151 | D:7      | Noticed Pikel
  6162 | D:7      | Killed Pikel
  6346 | D:7      | Noticed Menkaure
  6349 | D:7      | Killed Menkaure
  6350 | D:7      | Reached XP level 9. HP: 52/52 MP: 13/18
  6365 | D:7      | Noticed Harold
  6378 | D:7      | Killed Harold
  6487 | D:7      | Found Ikamomn's Book Boutique.
  6637 | D:7      | Noticed Prince Ribbit
  6646 | D:7      | Killed Prince Ribbit
  6894 | D:7      | Reached skill level 5 in Invocations
  7031 | D:7      | Noticed a gargoyle
  7562 | D:7      | Killed a gargoyle
  8028 | D:8      | Reached skill level 10 in Conjurations
  8062 | D:8      | Noticed a two-headed ogre
  8069 | D:8      | Killed a two-headed ogre
  8070 | D:8      | Reached XP level 10. HP: 56/56 MP: 9/19
  8246 | D:8      | Found an ornate altar of the Wu Jian Council.
  8247 | D:8      | Found a sparkling altar of Nemelex Xobeh.
  8353 | D:8      | Learned a level 5 spell: Fireball
  8593 | D:8      | Reached ** piety under Sif Muna
  8902 | D:8      | Found a hazy altar of Hepliaklqana.
  8934 | D:8      | Reached skill level 1 in Shields
  9259 | D:9      | Found a broken altar of Ashenzari.
  9599 | D:9      | Found a stormy altar of Qazlal.
  9636 | D:9      | Found a sparkling altar of Nemelex Xobeh.
  9885 | D:9      | Reached skill level 6 in Spellcasting
 10105 | D:9      | Found a glowing silver altar of Zin.
 10105 | D:9      | Noticed an angel
 10178 | D:10     | Entered Level 10 of the Dungeon
 10412 | D:10     | Found a staircase to the Lair.
 10424 | D:10     | Noticed an ice dragon
 10425 | D:10     | Found the +8 frozen axe "Frostbite" {freezing cloud, *Noise
                  | +Fly rC+}
 10969 | D:10     | Killed an unseen horror
 10970 | D:10     | Reached skill level 7 in Spellcasting
 11234 | D:10     | Noticed a two-headed ogre
 11246 | D:10     | Killed a two-headed ogre
 11247 | D:10     | Reached XP level 11. HP: 61/61 MP: 11/24
 11263 | D:10     | Reached skill level 10 in Dodging
 11367 | D:10     | Reached *** piety under Sif Muna
 11857 | D:10     | Killed an ice dragon
 11858 | D:10     | Reached skill level 8 in Spellcasting
 12014 | D:11     | Noticed Snorg
 12028 | D:11     | Noticed a two-headed ogre
 12030 | D:11     | Killed Snorg
 12031 | D:11     | Reached skill level 1 in Fire Magic
 12038 | D:11     | Killed a two-headed ogre
 12665 | D:11     | Noticed an unseen horror
 12675 | D:11     | Killed an unseen horror
 12739 | D:11     | Reached skill level 5 in Shields
 12754 | D:11     | Found a staircase to the Orcish Mines.
 12921 | D:11     | Noticed a boulder beetle
 13278 | D:11     | Noticed a boulder beetle
 13354 | D:11     | Killed a boulder beetle
 13627 | D:11     | Noticed a yaktaur captain
 13639 | D:11     | Killed a yaktaur captain
 13863 | D:11     | Killed a boulder beetle
 13864 | D:11     | Reached XP level 12. HP: 50/66 MP: 3/26
 14387 | Lair:1   | Entered Level 1 of the Lair of Beasts
 14709 | Lair:1   | Noticed a four-headed hydra
 14736 | Lair:1   | Killed a four-headed hydra
 14737 | Lair:1   | Reached skill level 5 in Fire Magic
 15007 | Lair:1   | Reached skill level 10 in Invocations
 15130 | Lair:1   | Reached skill level 1 in Evocations
 15542 | Lair:1   | Learned a level 4 spell: Olgreb's Toxic Radiance
 15546 | Lair:1   | Learned a level 3 spell: Ignite Poison
 16065 | Lair:2   | Noticed a five-headed hydra
 16067 | Lair:2   | Reached skill level 1 in Poison Magic
 16400 | Lair:2   | Reached **** piety under Sif Muna
 16602 | Lair:2   | Killed a five-headed hydra
 17067 | Lair:2   | Found a hole to the Spider Nest.
 17466 | Lair:3   | Found a staircase to the Swamp.
 17472 | Lair:3   | Noticed a six-headed hydra
 17490 | Lair:3   | Killed a six-headed hydra
 17491 | Lair:3   | Reached skill level 5 in Fighting
 17499 | Lair:3   | Reached XP level 13. HP: 72/72 MP: 6/27
 18073 | Lair:3   | Reached skill level 5 in Poison Magic
 18298 | Lair:3   | Found a transporter.
 18301 | Lair:3   | Found a transporter.
 18557 | D:11     | Identified the +9 chain mail of Jiowol {Int+3}
 18692 | Orc:1    | Entered Level 1 of the Orcish Mines
 18858 | Orc:1    | Found Resaorphu's Distillery.
 19154 | Orc:1    | Reached ***** piety under Sif Muna
 19335 | Orc:2    | Entered Level 2 of the Orcish Mines
 19339 | Orc:2    | Received a gift from Sif Muna
 20734 | Orc:2    | Found Biafehio's Distillery.
 20743 | Orc:2    | Found Dexudgh's Armour Boutique.
 20757 | Orc:2    | Found Husaj's Assorted Antiques.
 20792 | Orc:2    | Found Xizinoir's Weapon Shop.
 20938 | Orc:2    | Bought a jewelled hat for 243 gold pieces
 20938 | Orc:2    | Identified the +2 hat of Melancholy {+Inv rElec Str-4} (You
                  | bought it in a shop on level 2 of the Orcish Mines)
 21283 | Orc:2    | Found a staircase to the Elven Halls.
 21691 | Lair:4   | Found a frozen archway.
 21717 | Lair:4   | Reached XP level 14. HP: 62/80 MP: 20/28
 21827 | IceCv    | Entered an ice cave
 22686 | IceCv    | Identified the ring of Wosm {rCorr Dex+2}
 22911 | Lair:4   | Reached skill level 9 in Spellcasting
 24286 | Lair:5   | Reached skill level 10 in Shields
 25124 | Lair:5   | Reached skill level 10 in Spellcasting
 25693 | Lair:6   | Entered Level 6 of the Lair of Beasts
 26176 | Lair:6   | Reached skill level 5 in Hexes
 26544 | Lair:6   | Received a gift from Sif Muna
 26663 | Lair:6   | Found a runed translucent door.
 26685 | Lair:6   | Reached XP level 15. HP: 65/86 MP: 18/31
 27664 | Lair:6   | Reached skill level 5 in Translocations
 29679 | D:5      | Killed Inkie's ghost
 29759 | D:5      | Identified the +3 trident "Ruqyoggy" {chaos, Int+2 Dex+3}
 30249 | Orc:2    | Bought +2 steam dragon scales for 728 gold pieces
 30395 | D:12     | Noticed Jorgrun
 30402 | D:12     | Killed Jorgrun
 30964 | D:12     | Noticed Sonja
 30970 | D:12     | Killed Sonja
 31622 | D:13     | Noticed Urug
 31626 | D:13     | Killed Urug
 32689 | D:14     | Noticed Nessos
 32696 | D:14     | Killed Nessos
 32884 | D:14     | Found a gate leading to a gauntlet.
 32893 | Gauntlet | Entered a Gauntlet
 32893 | Gauntlet | Found a transporter.
 32893 | Gauntlet | Found a transporter.
 32976 | Gauntlet | Found a transporter.
 32980 | Gauntlet | Found a transporter.
 32988 | Gauntlet | Found a transporter.
 32992 | Gauntlet | Found a transporter.
 33000 | Gauntlet | Found a transporter.
 33015 | Gauntlet | Found a runed translucent gate.
 33016 | Gauntlet | Found a transporter.
 33016 | Gauntlet | Found a runed translucent gate.
 33017 | Gauntlet | Found a runed translucent gate.
 33030 | Gauntlet | Found a transporter.
 33034 | Gauntlet | Found a transporter.
 33042 | Gauntlet | Found a transporter.
 33046 | Gauntlet | Found a transporter.
 33314 | Gauntlet | Reached skill level 11 in Spellcasting
 33445 | Gauntlet | Identified the ring "Nek Wous" {rPois rF- rC+ MP+9 Dex+7}
 33629 | D:14     | Noticed Josephine
 33635 | D:14     | Killed Josephine
 33636 | D:14     | Reached XP level 16. HP: 34/85 MP: 30/33
 33966 | D:14     | Found a gate to the Vaults.
 34405 | D:14     | Learned a level 6 spell: Dispersal
 34448 | D:14     | You fall into a shaft and drop 1 floor!
 34448 | D:15     | Entered Level 15 of the Dungeon
 34567 | D:15     | Noticed Azrael
 34568 | D:15     | Reached skill level 12 in Spellcasting
 34588 | D:15     | Killed Azrael
 34960 | D:14     | Found a runed translucent door.
 35048 | D:14     | Identified Sif Muna's Volume of Mutagenic Translocation
                  | (Sif Muna gifted it to you on level 14 of the Dungeon)
 35048 | D:14     | Received a gift from Sif Muna
 35185 | D:14     | Identified the +5 tower shield "Ufewunil" {rCorr}
 36535 | D:15     | Reached skill level 10 in Fire Magic
 36913 | D:15     | Reached skill level 13 in Spellcasting
 37023 | D:15     | Found a staircase to the Depths.
 37511 | Spider:1 | Entered Level 1 of the Spider Nest
 38339 | Spider:1 | Reached XP level 17. HP: 79/96 MP: 8/36
 39081 | Spider:2 | Identified Poeb's Tome of Hurtful Shape Shifting (Sif Muna
                  | gifted it to you on level 2 of the Spider Nest)
 39081 | Spider:2 | Received a gift from Sif Muna
 39781 | Spider:2 | Found a corrupted altar of Lugonu.
 39781 | Spider:2 | Found a one-way gate to the infinite horrors of the Abyss.
 40338 | Spider:3 | Noticed Mara
 40622 | Spider:3 | Reached skill level 14 in Spellcasting
 40791 | Spider:3 | Noticed wakim's illusion
 41032 | Spider:3 | Identified the +6 morningstar of Xaosunyh {vamp, rC+ Dex+3}
 41102 | Spider:4 | Entered Level 4 of the Spider Nest
 41599 | Spider:4 | Noticed Aizul
 41986 | Spider:3 | Upgraded the game from 0.27-a0-421-g7ddf969dea to
                  | 0.27-a0-448-gace5c5693b
 41998 | Spider:3 | Killed Aizul
 42846 | Spider:4 | Identified Baseih's Volume of Air (Sif Muna gifted it to
                  | you on level 4 of the Spider Nest)
 42846 | Spider:4 | Received a gift from Sif Muna
 43211 | Spider:4 | Identified the +8 scythe "Wiriw" {freeze, rElec rC+ Str+3}
 44599 | Spider:4 | Reached skill level 15 in Spellcasting
 45584 | Swamp:1  | Entered Level 1 of the Swamp
 45997 | Swamp:1  | Paralysed by a fenstrider witch for 3 turns
 46002 | Swamp:1  | Reached skill level 1 in Armour
 46002 | Swamp:1  | Reached XP level 18. HP: 56/101 MP: 30/39
 47381 | Swamp:2  | Found a hazy altar of Hepliaklqana.
 47487 | Swamp:2  | Learned a level 5 spell: Iskenderun's Battlesphere
 47494 | Swamp:2  | Learned a level 6 spell: Invisibility
 48354 | Swamp:2  | Reached skill level 5 in Evocations
 49395 | Spider:4 | Got a gossamer rune of Zot
 49688 | Lair:6   | Found a staircase to the Slime Pits.
 49969 | Swamp:3  | Noticed a tentacled monstrosity
 49983 | Swamp:3  | Killed a tentacled monstrosity
 50493 | Swamp:3  | Identified Sif Muna's Papyrus of Battle Magic (Sif Muna
                  | gifted it to you on level 3 of the Swamp)
 50493 | Swamp:3  | Received a gift from Sif Muna
 50759 | Swamp:4  | Entered Level 4 of the Swamp
 51902 | Swamp:4  | Reached skill level 16 in Spellcasting
 52304 | Swamp:4  | Reached XP level 19. HP: 106/106 MP: 31/41
 52377 | Swamp:4  | Identified the +1 scale mail "Amiexaen" {Int+4}
 52406 | Swamp:4  | Got a decaying rune of Zot
 52645 | Swamp:4  | Learned a level 7 spell: Orb of Destruction
 53217 | Vaults:1 | Entered Level 1 of the Vaults
 53220 | Vaults:1 | Identified Sif Muna's Reference Book on Air and Bewitchment
                  | (Sif Muna gifted it to you on level 1 of the Vaults)
 53220 | Vaults:1 | Received a gift from Sif Muna
 53320 | Vaults:1 | Reached skill level 10 in Translocations
 53738 | Vaults:1 | Reached skill level 10 in Hexes
 54096 | Vaults:1 | Found a portal to a secret trove of treasure.
 55762 | Vaults:2 | HP: 1/108 [yaktaur captain/bolt (40)]
 56590 | Vaults:2 | Received a gift from Sif Muna
 57435 | Vaults:2 | Reached skill level 15 in Dodging
 57631 | Vaults:2 | Reached XP level 20. HP: 114/114 MP: 9/42
 57647 | Vaults:2 | Reached skill level 5 in Armour
 58067 | Vaults:2 | Reached skill level 15 in Conjurations
 58207 | Vaults:2 | Reached skill level 17 in Spellcasting
 58293 | Vaults:2 | Identified Sif Muna's Papyrus of Battle Magic (Sif Muna
                  | gifted it to you on level 2 of the Vaults)
 58293 | Vaults:2 | Received a gift from Sif Muna
 58377 | Vaults:2 | Learned a level 6 spell: Starburst
 59015 | Vaults:2 | Reached skill level 1 in Transmutations
 59987 | Vaults:3 | Found a runed translucent gate.
 59987 | Vaults:3 | Found a runed translucent gate.
 59987 | Vaults:3 | Found a runed translucent gate.
 59988 | Vaults:3 | Found an opulent altar of Gozag.
 59989 | Vaults:3 | Found Odi Nuen's Assorted Antiques.
 59989 | Vaults:3 | Noticed Utwej's ghost (adept GnVM)
 60045 | Vaults:3 | HP: 5/115 [something] (10)]
 60509 | Vaults:3 | Found a staircase to the Crypt.
 61958 | Vaults:3 | Identified Sif Muna's Handbook of Attacks and Stolen Souls
                  | (Sif Muna gifted it to you on level 3 of the Vaults)
 61958 | Vaults:3 | Received a gift from Sif Muna
 62128 | Vaults:3 | You fall into a shaft and drop 1 floor!
 63052 | Vaults:4 | Reached XP level 21. HP: 120/120 MP: 35/44
 63791 | Vaults:4 | Found Dodelim's Distillery.
 63922 | Vaults:4 | Identified Sif Muna's Papyrus of Flamy Attacks (Sif Muna
                  | gifted it to you on level 4 of the Vaults)
 63922 | Vaults:4 | Received a gift from Sif Muna
 64036 | Vaults:4 | Found a burning altar of Makhleb.
 64568 | Vaults:4 | Reached skill level 18 in Spellcasting
 65803 | Vaults:3 | Reached skill level 10 in Fighting
 66836 | D:14     | Identified the +3 leather armour of Circular Logic {Dex+5}
 67064 | Lair:5   | Identified the +2 ring mail "Hofienko" {+Inv Str+4 Slay+2}
 67426 | Depths:1 | Entered Level 1 of the Depths
 67533 | Depths:1 | Identified Sif Muna's Grimoire of the Unholy Voyage (Sif
                  | Muna gifted it to you on level 1 of the Depths)
 67533 | Depths:1 | Received a gift from Sif Muna
 68093 | Depths:1 | Noticed Louise
 68113 | Depths:1 | Killed Louise
 68441 | Depths:1 | Noticed a juggernaut
 68486 | Depths:1 | Killed a juggernaut
 68487 | Depths:1 | Reached skill level 15 in Shields
 68487 | Depths:1 | Reached XP level 22. HP: 27/127 MP: 6/46
 69139 | Depths:1 | Found a gateway to Hell.
 69786 | Elf:1    | Entered Level 1 of the Elven Halls
 69820 | Elf:1    | Found Jorhibad's General Store.
 69824 | Elf:1    | Reached skill level 19 in Spellcasting
 69840 | Elf:1    | Found Raxistre's Antique Armour Emporium.
 69864 | Elf:1    | Found a ruined gateway.
 69938 | Desolati | Entered the Desolation of Salt
 70829 | Desolati | Found the +5 demon whip "Spellbinder" {antimagic, Will+}
 70841 | Desolati | Identified Ewkecsa's Guide on Fetching Companions
 70847 | Desolati | Identified the +9 hand crossbow of Valiance {elec, Will+
                  | Int+4 Dex+4}
 70850 | Desolati | Identified the ring of the Good {Fire rElec rN+++ Int-5
                  | Dex+2}
 71296 | Desolati | Identified Kiraedet's Papyrus of Curses (Sif Muna gifted it
                  | to you in the Desolation of Salt)
 71296 | Desolati | Received a gift from Sif Muna
 71404 | Desolati | Identified the ring of Pih Luv {MP+9 Dex+6}
 71406 | Desolati | Identified the +2 robe "Zufej" {+Blink rC- rN++ Stlth+}
 71411 | Desolati | Identified the +11 plate armour "Nituasio" {rC++ rCorr
                  | Int-2 Stlth+}
 71414 | Desolati | Identified the amulet of Lumo {Reflect Str+4 SH+5}
 71454 | Desolati | Reached skill level 1 in Staves
 71608 | Desolati | Killed from afar by a crystal guardian

Illustrated notes

Levels and vault maps discovered:
D:1:      evilmike_arrival_crescent, layout_rooms, minivault_14,
          corexii_item_surrounded_by_moat, due_unseen_surprise
D:2:      layout_basic
D:3:      layout_loops_corners, okawaru_trees_1, tso_metal_star, uniq_jessica,
          uniq_robin
D:4:      layout_layer_cave, nicolae_dithmenos_shadow_blocks
D:5:      layout_basic, kiku_gazebo_garden_becter,
          minmay_temple_entry_antechambers, serial_shops,
          nicolae_shop_waterfront, ebering_ghost_inner_flame
D:6:      layout_rooms, serial_shops, shop, kennysheep_decorative_pillar
D:7:      layout_basic, serial_shops, shop, uniq_menkaure, uniq_prince_ribbit1,
          uniq_harold, uniq_pikel
D:8:      layout_loops_ring, pdpol_wu_jian_five_deadly_venoms, st_stairs_6,
          hangedman_feature_mirror
D:9:      layout_long_grid, lemuel_round_altar, general_overflow_altar,
          zin_angel, basic_altar, minivault_20, kennysheep_generic_room_10
D:10:     minmay_coctagon, layout_loops_ring, lair_entry_dummy
D:11:     wad_statue_garden, layout_stronghold, uniq_snorg
D:12:     layout_loops_corners, hangedman_decor_riveting, uniq_sonja,
          uniq_jorgrun
D:13:     layout_basic, uniq_urug
D:14:     layout_basic, lightli_vaults_fourway_checkpoint,
          gauntlet_entry_generic, special_room [special_room_mythical_zoo],
          dk_noncrumbling_2, minivault_13, uniq_nessos, uniq_josephine
D:15:     grunt_enter_depths_hoard, layout_cave_pods, serial_bayou_lagoon_a,
          minivault_7, uniq_azrael
Temple:   regret_index_temple_waves
Lair:1:   minmay_lair_venomous_thicket, layout_concentric_octagons
Lair:2:   layout_chaotic_city, spider_nest_entry_rubble, minivault_26,
          grunt_forest_large_clearings, grunt_megastairs_2
Lair:3:   gammafunk_boulding_lane, layout_cave_shapes, swamp_mist
Lair:4:   beast_lair_carwin_large_3, layout_loops_ring,
          portal_ice_cave_entry_animals_and_master,
          eino_small_chamber_without_monster, minmay_lindwurm_lava
Lair:5:   nzn_winding_woodlands_three_and_one
          [nzn_winding_woodlands_5x15_pockets,
          nzn_winding_woodlands_5x15_default,
          nzn_winding_woodlands_5x15_sidewinder,
          nzn_winding_woodlands_center_lodge], layout_long_grid, serial_bayou,
          serial_bayou_lake_a, serial_bayou_crossing, serial_bayou_lagoon_b,
          serial_bayou_pond_b
Lair:6:   hangedman_lair_caniforms_friends, layout_cave_shapes, wormcave,
          minmay_slime_entry_oklob_enclosed, infiniplex_staircase_pool_2
Swamp:1:  layout_basic_swamp, hangedman_swamp_lotus
Swamp:2:  layout_basic_swamp, evilmike_swamp_ruin_house_4,
          nicolae_swamp_godswood, swamp_pool4
Swamp:3:  layout_falls_marsh, evilmike_swamp_ruin_house_3
Swamp:4:  swamp_basic_johnstein, layout_basic_swamp, swamp_pool5, worms_lemuel
Spider:1: layout_spider_delve
Spider:2: layout_spider_delve, amcnicky_altar_lugonu_corruption
Spider:3: layout_spider_delve, nicolae_spider_cling_halls, uniq_mara
Spider:4: floodkiller_spider_rune_tomb, minmay_another_anthill, uniq_aizul
Orc:1:    layout_diamond_mine, serial_shops, shop
Orc:2:    st_orc_open, layout_caves, abandoned_shop
Elf:1:    eino_elf_arrival_sip, layout_geoelf_octagon,
          portal_desolation_entry_garden, serial_shops, shop, shop, shop,
          gammafunk_ghost_berserking_beasts, serial_glass, glass_columns_b,
          glass_columns_a, evilmike_minifort, grunt_megastairs_3
Vaults:1: v_misc_26, v_misc_11, v_misc_33, v_pattern_4,
          vaults_room_guarded_vault, nicolae_vaults_border_crossing, v_rooms_6,
          vaults_mumra_lcd, v_misc_24, vaults_room_hallway, vaults_room_pools,
          layout_vaults_big_cross, nicolae_trove_entry_free_sample
Vaults:2: vaults_standard_mumra_enter_the_diamond, vaults_mumra_hex,
          nicolae_vaults_windows_and_doors_thing, v_misc_18, v_rooms_5,
          ontoclasm_vaults_claustrophobia, vaults_room_hallway,
          layout_vaults_quadrants
Vaults:3: ebering_vaults_ghost_gozag, ontoclasm_vaults_loading_screen,
          v_rooms_3, v_rooms_4, nicolae_vaults_three_branches,
          nicolae_vaults_back_hallway, blue_anna_dwarven_crypt,
          nicolae_vaults_hallways_thing, v_misc_19, v_misc_14, v_misc_16,
          grunt_vaults_hallway_long, vaults_room_door_hall, vaults_room_pools,
          nicolae_vaults_sealed_display, ontoclasm_vaults_loading_screen,
          ontoclasm_vaults_decontamination, vaults_dpeg_ring,
          grunt_vaults_focal, layout_vaults_omnibox
Vaults:4: ontoclasm_vaults_ligature, grunt_vaults_funnel, v_misc_23,
          vaults_room_boxed, v_rooms_6, ontoclasm_vaults_ring_square,
          ontoclasm_vaults_fault, vaults_standard_mumra_x, nicolae_vaults_theta,
          vaults_room_semicircle, vaults_room_door_hall,
          vaults_mumra_minichess_inversion, layout_vaults_chaotic_city,
          serial_shops, shop_fountains, basic_altar
Depths:1: layout_cave_pools, nicolae_abyss_entry_one_way_or_another, hell_entry,
          minmay_crystal_water, serial_column_ruins, column_ruins_hut,
          column_ruins_grid_1, column_ruins_open_small,
          column_ruins_open_medium, column_ruins_open_tiny,
          column_ruins_open_small, minivault_12, serial_bayou_shore_b
Desolation

Skill      XL: |  1  2  3  4  5  6  7  8  9 10 11 12 13 14 15 16 17 18 19 20 21 22 |
---------------+-------------------------------------------------------------------+-----
Conjurations   | 5 6 7 8 10 11 12 13 14 15 16 17 | 17.2
Spellcasting   | 4 5 7 8 10 11 13 15 16 17 18 19 | 19.5
Stealth        | 3 5 6 |  6.0
Hexes          | 1 2 5 9 10 | 10.0
Dodging        | 4 6 9 10 12 13 14 15 16 | 16.0
Fighting       | 2 4 5 6 7 8 9 10 | 10.0
Translocations | 2 4 7 8 9 11 12 | 12.6
Invocations    | 2 6 7 9 10 11 12 | 12.0
Shields        | 3 6 7 9 10 11 12 13 14 15 | 15.0
Fire Magic     | 4 5 7 9 10 11 12 14 | 14.7
Evocations     | 2 3 6 |  6.7
Poison Magic   | 4 7 8 |  8.4
Armour         | 1 4 5 |  5.0
Transmutations | 3 |  3.7
Staves         | 1 |  1.4

Action                   |  1- 3 |  4- 6 |  7- 9 | 10-12 | 13-15 | 16-18 | 19-21 | 22-24 || total
-------------------------+-------+-------+-------+-------+-------+-------+-------+-------++-------
Melee: Halberd           |       |     2 |       |       |       |       |       |       ||     2
       Staff             |       |     1 |     1 |     5 |    15 |    40 |    16 |   100 ||   178
 Cast: Magic Dart        |    65 |    53 |    58 |    40 |     7 |   280 |   165 |    47 ||   715
       Searing Ray       |     4 |    16 |    47 |   159 |   140 |    46 |       |       ||   412
       Iskenderun's Myst |       |       |     7 |    66 |    93 |   293 |   167 |    33 ||   659
       Fulminant Prism   |       |       |     5 |    19 |    13 |    55 |       |       ||    92
       Fireball          |       |       |       |    24 |    70 |   126 |    14 |       ||   234
       Ignite Poison     |       |       |       |     3 |    92 |   114 |   102 |     2 ||   313
       Olgreb's Toxic Ra |       |       |       |     2 |   128 |   256 |   145 |     2 ||   533
       Iskenderun's Batt |       |       |       |       |       |    47 |    31 |     7 ||    85
       Invisibility      |       |       |       |       |       |     2 |     6 |     1 ||     9
       Orb of Destructio |       |       |       |       |       |       |   122 |    57 ||   179
       Starburst         |       |       |       |       |       |       |    37 |    13 ||    50
Invok: Channel Magic     |       |       |     1 |    12 |    22 |    27 |    25 |     7 ||    94
Evoke: Wand              |       |       |       |       |     4 |       |     1 |       ||     5
  Use: Scroll            |       |       |     6 |    12 |    11 |     7 |       |     1 ||    37
       Potion            |       |       |       |       |     3 |     5 |     3 |     1 ||    12
 Stab: Sleeping          |       |       |       |       |       |       |       |     1 ||     1
Armor: Leather armour    |     1 |     4 |     3 |       |       |       |       |       ||     8
       Robe              |       |       |       |    21 |    51 |       |       |       ||    72
       Steam dragon scal |       |       |       |       |     8 |   112 |    21 |    16 ||   157
Dodge: Dodged            |     1 |     5 |    16 |    99 |   233 |   525 |   137 |   114 ||  1130
Block: Other             |       |       |     6 |     1 |       |       |       |       ||     7
       Kite shield       |       |       |       |    90 |   322 |   370 |   121 |   104 ||  1007
       Reflection        |       |       |       |     7 |    10 |    12 |    39 |     3 ||    71

Table legend: (Time is in decaauts)
 A = Elapsed time spent in this place.
 B = Non-inter-level travel time spent in this place.
 C = Inter-level travel time spent in this place.
 D = Time resting spent in this place.
 E = Time spent auto-exploring this place.
 F = Levels seen in this place.
 G = Mean time per level.
                   A        B        C        D        E       F      G
               +--------+--------+--------+--------+--------+-----+--------+
         Total |  72268 |  67116 |   5152 |  32773 |  22469 |  41 | 1762.6 |
       Dungeon |  22975 |  20623 |   2352 |   7840 |   9461 |  15 | 1531.7 |
        Temple |     44 |     25 |     19 |      0 |     21 |   1 |   44.0 |
          Lair |  13281 |  12008 |   1273 |   6342 |   3946 |   6 | 2213.5 |
         Swamp |   6116 |   5880 |    236 |   2894 |   1860 |   4 | 1529.0 |
   Spider Nest |   8256 |   7866 |    390 |   4241 |   1871 |   4 | 2064.0 |
  Orcish Mines |   3038 |   2801 |    237 |   1491 |    874 |   2 | 1519.0 |
   Elven Halls |    154 |    154 |      0 |     21 |      0 |   1 |  154.0 |
        Vaults |  13241 |  12630 |    611 |   7106 |   3268 |   4 | 3310.2 |
        Depths |   1854 |   1822 |     32 |   1029 |    570 |   1 | 1854.0 |
      Ice Cave |    946 |    946 |      0 |    521 |    227 |   1 |  946.0 |
    Desolation |   1686 |   1686 |      0 |    932 |    260 |   1 | 1686.0 |
      Gauntlet |    672 |    672 |      0 |    354 |    109 |   1 |  672.0 |
               +--------+--------+--------+--------+--------+-----+--------+

Top non-repeatable levels by time:
Spider:4: 4055 daAuts
  Lair:6: 3708 daAuts
Vaults:3: 3583 daAuts
Vaults:2: 3368 daAuts
Vaults:1: 3358 daAuts
    D:11: 2948 daAuts
Vaults:4: 2931 daAuts
    D:15: 2693 daAuts
  Lair:5: 2155 daAuts
   Orc:1: 2106 daAuts
  Lair:1: 2086 daAuts
  Lair:2: 2028 daAuts
    D:10: 1978 daAuts
    D:14: 1967 daAuts
Depths:1: 1854 daAuts
